 Dungeon Crawl Stone Soup version 0.21-a0-509-gecc5317 (webtiles) character file.

729 Spazmo the Magician (level 7, -2/36 HPs)
             Began as a Deep Elf Conjurer on Nov 30, 2017.
             Was an Initiate of Vehumet.
             Slain by Lasiace's ghost (8 damage)
             ... on level 5 of the Dungeon.
             The game lasted 00:13:08 (5202 turns).

Spazmo the Magician (Deep Elf Conjurer)             Turns: 5202, Time: 00:13:08

Health: -2/36      AC:  3    Str:  5    XL:     7   Next: 44%
Magic:  8/20       EV: 13    Int: 22    God:    Vehumet [......]
Gold:   215        SH:  0    Dex: 15    Spells: 10/21 levels left

rFire    . . .     SeeInvis .   i - +1 dagger (elec)
rCold    . . .     Gourm    .   (no shield)
rNeg     . . .     Faith    .   a - +0 robe
rPois    .         Spirit   .   (no helmet)
rElec    .         Reflect  .   (no cloak)
rCorr    .         Harm     .   (no gloves)
MR       .....                  g - +0 pair of boots
Stlth    ++........             (no amulet)
HPRegen  0.12/turn              (no ring)
MPRegen  0.17/turn              (no ring)

@: no status effects
A: no striking features
a: Renounce Religion


You were on level 5 of the Dungeon.
You worshipped Vehumet.
Vehumet was noncommittal.
You were not hungry.

You visited 1 branch of the dungeon, and saw 5 of its levels.

You collected 215 gold pieces.

Inventory:

Hand Weapons
 i - a +1 dagger of electrocution (weapon)
Missiles
 f - 157 stones (quivered)
Armour
 a - a +0 robe (worn)
 g - a +0 pair of boots (worn)
Jewellery
 d - an uncursed ring of ice
Scrolls
 j - 5 scrolls of remove curse
 n - 3 scrolls of teleportation
 o - a scroll of amnesia
 q - 2 scrolls of identify
 s - a scroll of blinking
Potions
 e - a potion of curing
 h - a potion of brilliance
 l - 2 potions of heal wounds
 m - a potion of agility
 p - 2 potions of cancellation
 t - a potion of mutation {unknown}
 u - a potion of invisibility {unknown}
Books
 b - a book of Conjurations

   Spells                             Type                      Level
   a - Magic Dart                     Conjuration                  1
   b - Searing Ray                    Conjuration                  2
   c - Dazzling Spray                 Conjuration/Hexes            3
   d - Fulminant Prism                Conjuration/Hexes            4
   e - Force Lance                    Conjuration/Translocation    4
   f - Iskenderun's Mystic Blast      Conjuration                  4
Comestibles
 c - 9 bread rations
 r - 2 meat rations


   Skills:
 - Level 3.2 Dodging
 - Level 3.2 Stealth
 + Level 7.8 Spellcasting
 + Level 7.5 Conjurations


You had 10 spell levels left.
You knew the following spells:

 Your Spells              Type           Power        Failure   Level  Hunger
a - Magic Dart            Conj           ####         1%          1    None
b - Searing Ray           Conj           #####.       1%          2    None
c - Force Lance           Conj/Tloc      ####....     16%         4    ###....
d - Iskenderun's Mystic   Conj           #####...     3%          4    ###....


Dungeon Overview and Level Annotations

Branches:
Dungeon (5/15)             Temple (0/1) D:4

Altars:
Hepliaklqana
Kikubaaqudgha
Vehumet
Yredelemnul

Annotations:
D:5 Lasiace's ghost, novice OgHu


Message History

* * * LOW HITPOINT WARNING * * *
Lasiace's ghost freezes you.
* * * LOW HITPOINT WARNING * * *
Casting: Magic Dart
Confirm with . or Enter, or press ? or * to list all spells.
Aiming: Magic Dart
Press: ? - help, Shift-Dir - straight line, f/p - Lasiace's ghost
Aim: Lasiace's ghost, wielding a weapon of freezing (almost destroyed)
The magic dart hits Lasiace's ghost.
Lasiace's ghost is almost destroyed.
Lasiace's ghost barely misses you.
Casting: Magic Dart
Confirm with . or Enter, or press ? or * to list all spells.
Aiming: Magic Dart
Press: ? - help, Shift-Dir - straight line, f/p - Lasiace's ghost
Aim: Lasiace's ghost, wielding a weapon of freezing (almost destroyed)
The magic dart hits Lasiace's ghost.
Lasiace's ghost is almost destroyed.
Lasiace's ghost hits you!
You die...

##....#### ##............
##...W....## #.............
...........# #.............
...........## ##............
......(<....# #............
............# ##...........
............#### ##..........
...............#### #..........
...........###.W@.######.........
...........# ####....###.........
..........## ###..............
.........## ####..........#
#............ ..............
........####### ..........# ###..
>.........# #....


You could see Lasiace's ghost.

Vanquished Creatures
  An ice beast (D:4)
  An ogre (D:4)
  2 scorpions (D:4)
  A hound (D:4)
  An orc priest (D:5)
  2 orc wizards (D:5)
  3 worker ants
  6 adders
  8 gnolls
  A shadow imp (D:5)
  5 worms
  3 dart slugs
  6 leopard geckos
  8 orcs
  7 bats
  5 giant cockroaches
  6 goblins
  13 hobgoblins
  3 jackals (D:5)
  12 kobolds
  2 quokkas (D:3)
  4 ball pythons
  A ball python skeleton (D:4)
  5 frilled lizards
  A leopard gecko zombie (D:5)
  10 rats
117 creatures vanquished.

Notes
Turn   | Place    | Note
-------+----------+-------------------------------------------
     0 | D:1      | Spazmo the Deep Elf Conjurer began the quest for the Orb.
     0 | D:1      | Reached XP level 1. HP: 10/10 MP: 6/6
   159 | D:1      | Reached XP level 2. HP: 15/15 MP: 6/8
   163 | D:1      | Learned a level 2 spell: Searing Ray
   648 | D:1      | Reached XP level 3. HP: 19/19 MP: 1/10
  1291 | D:1      | Reached skill level 5 in Conjurations
  1291 | D:1      | Reached XP level 4. HP: 6/24 MP: 6/12
  1298 | D:1      | Learned a level 4 spell: Force Lance
  1303 | D:1      | Learned a level 4 spell: Iskenderun's Mystic Blast
  1648 | D:2      | Found an ancient bone altar of Kikubaaqudgha.
  1843 | D:2      | Found a hazy altar of Hepliaklqana.
  2400 | D:3      | Reached XP level 5. HP: 23/28 MP: 8/14
  2539 | D:3      | Reached skill level 5 in Spellcasting
  3228 | D:4      | Found a basalt altar of Yredelemnul.
  3283 | D:4      | Found a radiant altar of Vehumet.
  3291 | D:4      | Became a worshipper of Vehumet
  3366 | D:4      | Reached XP level 6. HP: 31/32 MP: 3/16
  3703 | D:4      | Found a staircase to the Ecumenical Temple.
  4110 | D:5      | Entered Level 5 of the Dungeon
  4123 | D:5      | Noticed Lasiace's ghost (novice OgHu)
  4440 | D:5      | Noticed an ice beast
  4450 | D:4      | Killed an ice beast
  4450 | D:4      | Reached XP level 7. HP: 8/36 MP: 9/19
  5202 | D:5      | Slain by Lasiace's ghost

Vault maps used:
D:1:      ncdulo_halloftheorcs
D:2:      lemuel_coloured_pillars_altar, lemuel_doored_altar, serial_curves,
          eino_curves_03, eino_curves_01, eino_curves_02
D:3:      first_bread
D:4:      vehumet_crystals, nicolae_overflow_hidden_temple,
          minmay_temple_entry_grid
D:5:      uniq_menkaure

Skill      XL: |  1  2  3  4  5  6 |
---------------+-------------------+-----
Stealth        | 3 |  3.2
Dodging        | 3 |  3.2
Spellcasting   | 4 5 7 |  7.8
Conjurations   | 5 6 7 |  7.5

Action                   |  1- 3 |  4- 6 |  7- 9 || total
-------------------------+-------+-------+-------++-------
Throw: Stone             |       |       |     1 ||     1
 Cast: Magic Dart        |    74 |   156 |    48 ||   278
       Searing Ray       |     1 |    10 |     6 ||    17
       Force Lance       |       |     1 |       ||     1
  Use: Scroll            |     5 |     6 |       ||    11
       Potion            |     2 |     3 |     1 ||     6
  Eat: Chunk             |     1 |     8 |     2 ||    11
       Royal jelly       |       |     1 |       ||     1
Armor: Robe              |       |     5 |       ||     5
Dodge: Dodged            |    13 |    25 |     8 ||    46

Table legend:
 A = Spawn XP
 B = Non-spawn XP
 C = Spawn XP percentage of total XP
 D = Spawn monster count
 E = Non-spawn monster count
 F = Spawn count percentage of total count
 G = Total turns spent on level
                    A         B        C        D         E        F      G
               +---------+---------+-------+---------+---------+-------+---------
         Total |       0 |    1042 |   0.0 |       0 |     117 |   0.0 |  5202
               +---------+---------+-------+---------+---------+-------+---------
           D:1 |       0 |      78 |   0.0 |       0 |      29 |   0.0 |  1270
           D:2 |       0 |     106 |   0.0 |       0 |      29 |   0.0 |  1211
           D:3 |       0 |     146 |   0.0 |       0 |      33 |   0.0 |   739
           D:4 |       0 |     523 |   0.0 |       0 |      10 |   0.0 |  1335
           D:5 |       0 |     189 |   0.0 |       0 |      16 |   0.0 |   647
               +---------+---------+-------+---------+---------+-------+---------
